 Dungeon Crawl Stone Soup version 0.30.1-11-g7821555f0a (webtiles) character file.

Game seed: 2055300204139593697

217 Aphynety the Magician (level 5, -5/28 HPs)
             Began as a Deep Elf Fire Elementalist on Nov 23, 2023.
             Slain by a sleepcap (6 damage)
             ... on level 2 of the Dungeon.
             The game lasted 00:04:56 (1776 turns).

Aphynety the Magician (Deep Elf Fire Elementalist)  Turns: 1776, Time: 00:04:57

Health: -5/28      AC:  2    Str:  5    XL:     5   Next: 61%
Magic:  11/13      EV: 13    Int: 22    God:
Gold:   66         SH:  0    Dex: 15    Spells: 11/12 levels left

rFire   . . .        (no weapon)
rCold   . . .        (no shield)
rNeg    . . .        a - +0 robe
rPois   .            (no helmet)
rElec   .            (no cloak)
rCorr   .            (no gloves)
SInv    .            (no boots)
Will    .....        (no amulet)
Stlth   +++          (no ring)
HPRegen 0.24/turn    (no ring)
MPRegen 0.13/turn

%: no passive effects
@: no status effects
A: no striking features
a: no special abilities


You were on level 2 of the Dungeon.
You visited 1 branch of the dungeon, and saw 2 of its levels.

You collected 66 gold pieces.

Inventory:

Hand Weapons
 j - a +5 scythe of holy wrath
Armour
 a - a +0 robe (worn)
Jewellery
 i - a ring of poison resistance
Scrolls
 d - a scroll of butterflies {unknown}
 g - 2 scrolls of identify {unknown}
 h - a scroll of fear {unknown}
 k - a scroll of enchant armour {unknown}
Potions
 b - 3 potions of magic
 c - a potion of haste {unknown}
 e - a potion of curing {unknown}
 f - a potion of brilliance {unknown}
 l - a potion of flight {unknown}
 m - a potion of mutation {unknown}
 n - a potion of experience {unknown}


   Skills:
 + Level 3.8 Dodging
 + Level 4.1 Stealth
 + Level 4.4 Spellcasting
 + Level 2.8 Conjurations
 + Level 4.2 Fire Magic


You had 11 spell levels left.
You knew the following spells:

 Your Spells              Type           Power      Damage    Failure   Level
a - Foxfire               Conj/Fire      80%        2x1d8     2%          1

Your spell library contained the following spells:

 Spells                   Type           Power      Damage    Failure   Level
 Scorch                   Fire           46%        2d6       2%          2
 Inner Flame              Hex/Fire       14%        N/A       14%         3
 Volatile Blastmotes      Fire/Tloc      28%        2d12      14%         3
 Poisonous Vapours        Pois/Air       8%         N/A       16%         2
 Flame Wave               Conj/Fire      20%        2d7       26%         4
 Ozocubu's Armour         Ice            4%         N/A       32%         3


Dungeon Overview and Level Annotations

Branches:
Dungeon (2/15)

Altars:


Message History

Your foxfire dissipates! x2
Your foxfire dissipates! x2
l - a ruby potion
m - a murky dark potion
Found a ring of poison resistance.
n - a grey potion You see here 9 stones.
An adder and a sleepcap come into view.
You conjure some foxfire!
You conjure some foxfire!
The foxfire hits the sleepcap but does no damage.
Press: ? - help, v - describe, . - travel
Here: a sleepcap (ally target)
The floor.
There are monsters nearby!
Press: ? - help, v - describe, . - travel The floor.
Unknown command.
The sleepcap attacks as you move away! The sleepcap releases spores at you.
The foxfire hits the sleepcap.
The sleepcap is lightly damaged.
The foxfire hits the sleepcap.
The sleepcap is moderately damaged.
The foxfire hits the sleepcap but does no damage.
The sleepcap is moderately damaged.
You conjure some foxfire!
The sleepcap releases spores at you. The sleepcap attacks as you move away!
The sleepcap releases spores at you.
The foxfire hits the sleepcap but does no damage.
The sleepcap is moderately damaged.
The foxfire hits the sleepcap.
The sleepcap is heavily damaged.
You are too injured to fight recklessly!
The sleepcap attacks as you move away! The sleepcap releases spores at you.
* * * LOW HITPOINT WARNING * * *
The sleepcap attacks as you move away! The sleepcap releases spores at you.
* * * LOW HITPOINT WARNING * * *
The sleepcap attacks as you move away! The sleepcap releases spores at you.
* * * LOW HITPOINT WARNING * * *
The sleepcap attacks as you move away! The sleepcap releases spores at you.
You die...

#.# #..#### #...# #.#
#... ....# #.# ##...#
#.# ....# #.##########
#...# #.##.......#
#...# #.##..(..=.#
#...#
#.##.......#######...#
#.##.......@f........#
#..........########..#
####.......# #..#
#.......# #.........
######### #.?....S..
##########


You could see a sleepcap.

Vanquished Creatures
  Sigmund (D:2)
  An adder (D:2)
  A dart slug (D:1)
  5 ball pythons
  3 bats
  6 endoplasms
  2 giant cockroaches
  4 goblins
  4 hobgoblins (D:2)
  2 jackals (D:1)
  2 quokkas (D:1)
  3 frilled lizards
  3 kobolds (D:1)
  2 rats (D:1)
39 creatures vanquished.

Vanquished Creatures (collateral kills)
  3 foxfires (D:1)
3 creatures vanquished.

Vanquished Creatures (others)
  202 foxfires
202 creatures vanquished.

Grand Total: 244 creatures vanquished

Notes
Turn   | Place    | Note
-------+----------+-------------------------------------------
     0 | D:1      | Aphynety the Deep Elf Fire Elementalist began the quest for
                  | the Orb.
     0 | D:1      | Reached XP level 1. HP: 10/10 MP: 6/6
   172 | D:1      | Reached XP level 2. HP: 15/15 MP: 0/8
   835 | D:1      | Got the Guide on Wintry Putrescence
   982 | D:1      | Reached XP level 3. HP: 19/19 MP: 5/9
  1534 | D:2      | Noticed Sigmund
  1541 | D:2      | Killed Sigmund
  1542 | D:2      | Reached XP level 4. HP: 24/24 MP: 3/12
  1542 | D:2      | Reached XP level 5. HP: 28/28 MP: 3/13
  1775 | D:2      | HP: 1/28 [sleepcap (3)]
  1776 | D:2      | Slain by a sleepcap

Illustrated notes

Levels and vault maps discovered:
D:1:      eino_arrival_water_cross, layout_rooms
D:2:      layout_loops_ring, basic_altar, minivault_4, uniq_sigmund

Skill      XL: |  1  2  3 |
---------------+----------+-----
Stealth        | 3 4 |  4.1
Dodging        | 3 |  3.8
Spellcasting   | 4 |  4.4
Conjurations   | 2 |  2.8
Fire Magic     | 4 |  4.2

Action                     |  1- 3 |  4- 6 || total
---------------------------+-------+-------++-------
  Melee: Spear             |    10 |       ||    10
   Cast: Foxfire           |   116 |    10 ||   126
   Stab: Sleeping          |     1 |       ||     1
 Armour: Robe              |     1 |       ||     1
  Dodge: Dodged            |    13 |       ||    13
